 Dungeon Crawl Stone Soup version 0.28.0-53-g5a82cb258f (webtiles) character file.

Game seed: 3738237154626540593

4554 yokelz the Basher (level 10, -2/81 HPs)
             Began as a Palentonga Fighter on Aug 8, 2022.
             Was an Initiate of Gozag.
             Slain by a centaur warrior simulacrum (12 damage)
             ... on level 10 of the Dungeon.
             The game lasted 00:21:44 (9789 turns).

yokelz the Basher (Palentonga Fighter)              Turns: 9789, Time: 00:21:52

Health: -2/81      AC: 19    Str: 19    XL:     10   Next: 17%
Magic:  10/10      EV: 11    Int:  9    God:    Gozag
Gold:   959        SH:  4    Dex: 14    Spells: 9/9 levels left

rFire   . . .      SeeInvis +   D - +1 whip (elec)
rCold   . . .      Faith    .   c - +0 buckler
rNeg    . . .      Spirit   .   b - +0 scale mail
rPois   .          Reflect  .   H - +1 helmet {SInv}
rElec   .          Harm     .   K - +1 cloak
rCorr   .          Rampage  .   C - +0 pair of gloves
Will    .....                   (no barding)
Stlth   ..........              (no amulet)
HPRegen 0.23/turn               L - +4 ring of evasion
MPRegen 0.12/turn               (no ring)

@: gold aura, curled up
A: large, rugged brown scales 3, see invisible, deformed body, roll 1, armoured
tail, reflexive curl
a: Rolling Charge, Renounce Religion, Potion Petition, Call Merchant, Bribe
Branch


You were on level 10 of the Dungeon.
You worshipped Gozag.
Gozag was pleased with you.
You visited 2 branches of the dungeon, and saw 12 of its levels.

You collected 1242 gold pieces.
You spent 217 gold pieces at shops.
You paid 66 gold pieces to Gozag.

Inventory:

Hand Weapons
 a - a +0 flail
 u - a +2 flail of protection
 D - a +1 whip of electrocution (weapon)
Missiles
 q - 3 javelins (quivered)
 A - 14 poisoned darts
 G - 5 silver javelins
 M - a throwing net
Armour
 b - a +0 scale mail (worn)
 c - a +0 buckler (worn)
 r - a +0 helmet
 C - a +0 pair of gloves (worn)
 F - a +1 hat
 H - a +1 helmet of see invisible (worn)
 K - a +1 cloak (worn)
Jewellery
 L - a +4 ring of evasion (left hand)
Wands
 x - a wand of iceblast (16)
 B - a wand of charming (4)
 I - a wand of flame (27)
Scrolls
 e - 5 scrolls of identify {unknown}
 h - 3 scrolls of enchant weapon {unknown}
 i - 2 scrolls of fear {unknown}
 p - 2 scrolls of enchant armour {unknown}
 s - 5 scrolls of teleportation {unknown}
 v - 2 scrolls of fog {unknown}
 y - 2 scrolls of immolation {unknown}
 J - 2 scrolls of vulnerability {unknown}
Potions
 d - 3 potions of might
 f - a potion of magic {unknown}
 g - 2 potions of haste {unknown}
 j - a potion of brilliance {unknown}
 k - a potion of degeneration {unknown}
 l - 3 potions of curing
 m - a potion of resistance {unknown}
 n - a potion of cancellation {unknown}
 o - 3 potions of invisibility {unknown}
 t - 3 potions of heal wounds {unknown}
 w - a potion of attraction {unknown}
 z - a potion of mutation {unknown}
 E - a potion of flight {unknown}


   Skills:
 + Level 5.8 Fighting
 + Level 11.2 Maces & Flails
 - Level 3.0 Throwing
 + Level 4.8 Armour
 - Level 2.4 Shields
 - Level 5.0 Evocations


You had 9 spell levels left.
You didn't know any spells.
Your spell library contained the following spells:

 Spells                   Type           Power      Damage    Failure   Level
 Scorch                   Fire           0%         2d5       91%         2
 Confusing Touch          Hex            0%         N/A       99%         3
 Portal Projectile        Hex/Tloc       0%         N/A       99%         3
 Summon Guardian Golem    Hex/Summ       0%         N/A       99%         3
 Flame Wave               Conj/Fire      0%         2d4       100%        4
 Hailstorm                Conj/Ice       0%         3d3       100%        4
 Ice Form                 Ice/Tmut       0%         N/A       100%        4
 Blade Hands              Tmut           0%         N/A       100%        5
 Excruciating Wounds      Necr           0%         N/A       100%        5
 Yara's Violent Unravell  Hex/Tmut       0%         3d3       100%        5
 Conjure Ball Lightning   Conj/Air       0%         3x3d6     100%        6
 Simulacrum               Ice/Necr       0%         N/A       100%        6
 Summon Cactus Giant      Summ           0%         N/A       100%        6
 Enfeeble                 Hex            0%         N/A       100%        7
 Orb of Destruction       Conj           0%         9d5       100%        7
 Spellforged Servitor     Conj/Summ      0%         N/A       100%        7
 Discord                  Hex            0%         N/A       100%        8
 Disjunction              Tloc           0%         N/A       100%        8


Dungeon Overview and Level Annotations

Branches:
Dungeon (11/15)            Temple (1/1) D:4
   Lair: D:8-11         Orc: D:9-12

Altars:
Ashenzari
Cheibriados
Dithmenos
Elyvilon
Fedhas
Gozag
Hepliaklqana
Kikubaaqudgha
Makhleb
Nemelex Xobeh
Qazlal
Ru
Trog
Uskayaw
Vehumet
Wu Jian
Xom
Yredelemnul
Zin

Shops:
D:7 [


Innate Abilities, Weirdness & Mutations

You are completely covered in rugged brown scales. (AC +3, +7% HP)
You have supernaturally acute eyesight. (SInv)
Armour fits poorly on your strangely shaped body.
You can roll at nearby foes to attack.
You have a long armoured tail.
You curl defensively after being hit. (AC +7*)


Message History

You completely miss the yak.
Your tail-slap misses the yak.
The yak is almost dead.
You hit the yak.
You kill the yak!
Aiming: Throw Flame
Press: ? - help, Shift-Dir - straight line, f - centaur warrior simulacrum
Aim: a centaur warrior simulacrum (98% to hit)
The puff of flame hits the centaur warrior simulacrum!
The centaur warrior simulacrum melts!
The centaur warrior simulacrum is heavily damaged.
You block the centaur warrior simulacrum's attack.
The centaur warrior simulacrum kicks you.
The centaur warrior simulacrum freezes you!!
You hit the centaur warrior simulacrum but do no damage.
The centaur warrior simulacrum is heavily damaged.
You block the centaur warrior simulacrum's attack.
The centaur warrior simulacrum kicks you but does no damage.
The centaur warrior simulacrum hits you.
The centaur warrior simulacrum freezes you!!
* * * LOW HITPOINT WARNING * * *
The centaur warrior simulacrum completely misses you.
There is a stone staircase leading down here.
There is a stone staircase leading up here.
The centaur warrior simulacrum is distracted by your dazzling golden aura.
The centaur warrior simulacrum is no longer distracted by gold.
Aiming: Throw Flame
Press: ? - help, Shift-Dir - straight line, f/p - centaur warrior simulacrum
Aim: a centaur warrior simulacrum (heavily damaged, 98% to hit)
The puff of flame hits the centaur warrior simulacrum!
The centaur warrior simulacrum melts!
The centaur warrior simulacrum is severely damaged.
Okay, then.
It was a potion of curing.
You feel better.
The centaur warrior simulacrum hits you but does no damage.
The centaur warrior simulacrum kicks you but does no damage.
The centaur warrior simulacrum hits you.
* * * LOW HITPOINT WARNING * * *
The centaur warrior simulacrum freezes you!
You die...
Your body crumbles into a pile of gold.

...
♣.♣
♣$♣
##'##
#...#
♣...♣♣
+<8>'♣
$
♣.Z.♣♣
#.@.#
##+##
$


You could see a centaur warrior simulacrum.

Vanquished Creatures
  Pikel (D:7)
  A spriggan (D:7)
  A wraith (D:9)
  A yak (D:10)
  A steam dragon (D:7)
  Edmund (D:4)
  Menkaure (D:4)
  2 water moccasins (D:8)
  2 orc warriors (D:9)
  An ice beast (D:6)
  2 black bears
  2 hornet zombies
  2 ogres
  4 lemures (D:7)
  2 phantoms
  A kobold brigand (D:7)
  A gnoll sergeant (D:8)
  A bullfrog (D:9)
  2 scorpions
  3 water moccasin zombies
  2 water moccasin skeletons
  6 killer bees
  5 wights
  A howler monkey (D:6)
  A bullfrog zombie (D:6)
  4 centaur zombies
  A gnoll shaman (D:6)
  2 jellies
  3 centaur skeletons
  3 orc priests
  A hound (D:5)
  2 iguanas (D:4)
  6 orc wizards
  2 killer bee zombies
  2 hound skeletons (D:4)
  5 adders
  11 gnolls
  A shadow imp (D:6)
  2 ufetubi
  An adder skeleton (D:4)
  5 worms
  2 dart slugs
  20 orcs
  3 bats
  10 endoplasms
  2 giant cockroaches
  10 goblins
  5 hobgoblins
  4 jackals (D:3)
  9 kobolds
  6 quokkas
  9 ball pythons
  4 frilled lizards
  8 rats
190 creatures vanquished.

Notes
Turn   | Place    | Note
-------+----------+-------------------------------------------
     0 | D:1      | yokelz the Palentonga Fighter began the quest for the Orb.
     0 | D:1      | Reached XP level 1. HP: 19/19 MP: 1/1
    52 | D:1      | Reached XP level 2. HP: 25/25 MP: 2/2
   127 | D:1      | Reached skill level 3 in Maces & Flails
   729 | D:2      | Reached XP level 3. HP: 31/31 MP: 3/3
   747 | D:2      | Reached skill level 4 in Maces & Flails
  1139 | D:2      | Reached XP level 4. HP: 37/37 MP: 4/4
  1439 | D:2      | Found a faded altar of an unknown god.
  1698 | D:3      | Found a shadowy altar of Dithmenos.
  1749 | D:3      | Reached skill level 5 in Maces & Flails
  2008 | D:3      | Reached XP level 5. HP: 41/43 MP: 5/5
  2664 | D:4      | Found a staircase to the Ecumenical Temple.
  2689 | Temple   | Entered the Ecumenical Temple
  2765 | Temple   | Became a worshipper of Gozag Ym Sagoz the Greedy
  2821 | D:4      | Reached skill level 1 in Throwing
  2835 | D:4      | Noticed Edmund
  2854 | D:4      | Killed Edmund
  2855 | D:4      | Reached XP level 6. HP: 32/50 MP: 6/6
  3168 | D:4      | Noticed Menkaure
  3178 | D:4      | Killed Menkaure
  3179 | D:4      | Reached skill level 6 in Maces & Flails
  3182 | D:4      | Gained mutation: You curl defensively after being hit. (AC
                  | +7*) [Palentonga growth]
  3182 | D:4      | Reached XP level 7. HP: 16/55 MP: 7/7
  3589 | D:4      | Reached skill level 7 in Maces & Flails
  4163 | D:5      | Entered Level 5 of the Dungeon
  4163 | D:5      | Found a blossoming altar of Fedhas.
  4542 | D:5      | Reached skill level 8 in Maces & Flails
  4550 | D:5      | Reached XP level 8. HP: 47/59 MP: 8/8
  4762 | D:5      | Found a bloodstained altar of Trog.
  5379 | D:6      | Reached skill level 5 in Evocations
  5825 | D:6      | Reached skill level 9 in Maces & Flails
  6071 | D:6      | Found a burning altar of Makhleb.
  6474 | D:6      | Reached XP level 9. HP: 63/67 MP: 9/9
  6708 | D:7      | Reached skill level 10 in Maces & Flails
  6777 | D:7      | Noticed Pikel
  7116 | D:7      | Killed Pikel
  7421 | D:7      | Found Pyghiuk's Antique Armour Shoppe.
  7430 | D:7      | Bought a glowing helmet for 217 gold pieces
  7928 | D:8      | Found a stormy altar of Qazlal.
  8511 | D:8      | Reached skill level 5 in Fighting
  8897 | D:9      | Reached skill level 11 in Maces & Flails
  9035 | D:9      | Reached XP level 10. HP: 73/79 MP: 10/10
  9707 | D:9      | Found a white marble altar of Elyvilon.
  9742 | D:10     | Entered Level 10 of the Dungeon
  9789 | D:10     | Slain by a centaur warrior simulacrum

Illustrated notes

Levels and vault maps discovered:
D:1:      lemuel_arrival_broad_hall, layout_basic, minmay_tetromino_i4
D:2:      cheibrodos_helix_gallery, layout_basic, nicolae_ecumenical_oubliette,
          serial_bayou_pond_c, hangedman_decor_push, minmay_misc_feat_cross,
          kennysheep_cross_bottleneck, minmay_vboxes
D:3:      layout_basic, nicolae_dithmenos_the_darkroom
D:4:      layout_loops_ring, minmay_temple_entry_antechambers, uniq_edmund,
          uniq_menkaure
D:5:      layout_rooms, marbit_many_paths, fedhas_altar_1, saegor_snake_ambush
D:6:      layout_basic, bloody_makhleb
D:7:      layout_basic, minmay_misc_feat_room, small_statue_alley_b,
          nicolae_stop_n_shop_2, the_hattery, uniq_pikel
D:8:      layout_basic, mainiacjoe_overflow_tiny_flanked, enter_ossuary_5
D:9:      layout_irregular_city, nicolae_elyvilon_temple_path
D:10:     nzn_winding_woodlands_stair_cross [nzn_winding_woodlands_5x15_garden,
          nzn_winding_woodlands_center_garden,
          nzn_winding_woodlands_5x15_sidewinder,
          nzn_winding_woodlands_5x5_default, nzn_winding_woodlands_5x5_three,
          nzn_winding_woodlands_5x15_split_checker,
          nzn_winding_woodlands_center_lodge,
          nzn_winding_woodlands_5x15_river_crossing], layout_basic,
          lemuel_crystal_altar, general_overflow_altar,
          okawaru_metal_pillars_1_2, david_lair_shrubbed, erik_orc_1,
          enter_bailey_2
D:11:     layout_cave_pods, enter_trove_2, uniq_snorg, uniq_psyche
Temple:   dshaligram_water_room_temple

Skill      XL: |  1  2  3  4  5  6  7  8  9 |
---------------+----------------------------+-----
Maces & Flails | 3 4 5 6 8 9 11 | 11.2
Throwing       | 2 3 |  3.0
Evocations     | 2 5 |  5.0
Fighting       | 5 |  5.8
Armour         | 4 |  4.8
Shields        | |  2.4

Action                   |  1- 3 |  4- 6 |  7- 9 | 10-12 || total
-------------------------+-------+-------+-------+-------++-------
Melee: Flail             |    10 |    36 |   314 |       ||   360
       Tailslap          |    12 |    29 |    61 |    10 ||   112
       Dagger            |    81 |   122 |       |       ||   203
       Whip              |       |       |   121 |    61 ||   182
 Abil: Rolling Charge    |       |     1 |       |       ||     1
Evoke: Wand              |       |       |     5 |     4 ||     9
  Use: Potion            |       |     2 |     1 |     1 ||     4
 Stab: Distracted        |       |       |     1 |     1 ||     2
Armor: Scale mail        |    30 |    61 |   201 |    24 ||   316
Dodge: Dodged            |    20 |    45 |   123 |    16 ||   204
Block: Buckler           |    14 |    24 |    65 |     9 ||   112
